AoeStats
← Renga Revenge

Nomad

509538652Analyzed
4v4 RM · 6d ago on Sep 27, 2026· 57m 27s· 8 players
Game mode
Random Map
Map size
231×231
Population
200
Speed
Normal
Resources
Standard
Victory
Conquest
Starting age
Dark Age
Ending age
Imperial Age
RankedLock teamsTeams togetherTeam positionsShared explorationLock speedFull tech treeHidden civsTurbo modeCheats
Victory
Defeat
🇺🇸 Malay · United States
906
+11
🇺🇸 Byzantines · United States
778
+15
🇺🇸 Franks · United States
773
+16
🇺🇸 Italians · United States
721
+17
🇨🇳 Huns · China
808
-16
🇭🇰 Spanish · Hong Kong SAR China
774
-15
🇦🇷 Vikings · Argentina
752
-14
🇹🇼 Varangians · Taiwan
751
-14
Lucasavend
5:16 Loom
19:47 Feudal Age
21:36 Town Watch
28:33 Castle Age
27:28 Double-Bit Axe
27:28 Horse Collar
27:33 Fishing Lines
28:21 Gold Mining
28:22 Stone Mining
36:16 Imperial Age
34:21 Gillnets
34:39 Heavy Plow
35:09 Bow Saw
37:02 Gold Shaft Mining
37:08 Caravan
38:19 Two-Man Saw
37:54 Crop Rotation
43:05 Conscription
46:45 Ballistics
46:24 Murder Holes
46:48 Squires
46:34 Arson
52:15 Fletching
52:27 Padded Archer Armor
52:28 Scale Mail Armor
52:40 Forging
52:36 Scale Barding Armor
52:40 Chieftains
53:43 Man-at-Arms
53:44 Pikeman
53:46 Elite Varangian Guard
54:40 Crossbowman
54:41 Elite Skirmisher
56:48 Onager
宇智波帶土
17:08 Feudal Age
18:03 Double-Bit Axe
22:43 Gold Mining
22:44 Stone Mining
24:57 Castle Age
23:25 Arson
23:10 Man-at-Arms
26:09 Husbandry
26:20 Bloodlines
27:14 Horse Collar
28:14 Wheelbarrow
27:58 Squires
27:49 Gambesons
28:25 Heavy Plow
31:33 Hand Cart
34:45 Pikeman
35:54 Bow Saw
36:56 Forging
36:53 Scale Barding Armor
37:31 Scale Mail Armor
38:53 Medium Warships
39:16 Town Watch
43:22 Imperial Age
41:34 Vendel Legacy
43:52 Iron Casting
43:45 Chain Barding Armor
44:46 Stone Shaft Mining
44:02 Elite Jarl
46:06 Two-Man Saw
47:10 Blast Furnace
48:45 Plate Barding Armor
54:10 Crop Rotation
56:12 Chemistry
55:32 Ballistics
gysrj777098
15:04 Loom
19:49 Feudal Age
20:17 Town Watch
20:45 Double-Bit Axe
26:46 Bloodlines
26:25 Arson
26:01 Man-at-Arms
28:57 Padded Archer Armor
28:48 Fletching
29:08 Forging
28:59 Scale Mail Armor
29:06 Scale Barding Armor
30:54 Wheelbarrow
37:40 Castle Age
38:47 Husbandry
38:08 Light Cavalry
38:25 Elite Skirmisher
40:59 Thumb Ring
44:44 Bow Saw
44:57 Town Patrol
46:42 Crossbowman
47:36 Squires
46:57 Pikeman
46:57 Long Swordsman
215825245
4:47 Loom
16:22 Feudal Age
17:01 Horse Collar
21:12 Castle Age
22:46 Bloodlines
27:23 Forging
32:38 Horse Collar
33:13 Double-Bit Axe
34:40 Gold Mining
35:30 Fletching
Renga Revenge
18:16 Feudal Age
18:51 Loom
19:18 Double-Bit Axe
19:26 Gold Mining
20:49 Horse Collar
23:58 Fishing Lines
28:03 Castle Age
26:16 Forging
26:12 Scale Barding Armor
31:43 Husbandry
33:49 Gillnets
34:03 Heavy Plow
34:17 Bow Saw
38:44 Wheelbarrow
38:54 Iron Casting
38:39 Chain Barding Armor
40:50 Ballistics
41:40 Hand Cart
44:49 Imperial Age
43:12 Gold Shaft Mining
42:28 Stone Mining
45:37 Cavalier
46:55 Plate Barding Armor
47:34 Conscription
48:59 Paladin
52:35 Fletching
52:44 Murder Holes
55:10 Bodkin Arrow
Mouse
3:29 Loom
16:22 Feudal Age
16:33 Double-Bit Axe
25:04 Castle Age
23:50 Forging
25:08 Pikeman
34:20 Bow Saw
37:10 Gold Mining
39:23 Iron Casting
43:40 Imperial Age
42:01 Squires
41:53 Town Watch
41:57 Horse Collar
47:38 Blast Furnace
48:00 Wheelbarrow
48:31 Chemistry
47:58 Stone Mining
48:32 Ballistics
48:11 Murder Holes
53:34 Onager
54:05 Elite Karambit Warrior
56:38 Hand Cart
58:20 Stone Shaft Mining
58:24 Gold Shaft Mining
Wolfgamepayne
4:30 Loom
16:40 Feudal Age
18:11 Wheelbarrow
17:26 Fishing Lines
17:49 Town Watch
18:26 Gold Mining
18:29 Stone Mining
20:11 Double-Bit Axe
25:32 Castle Age
26:12 Gillnets
27:04 Hand Cart
27:02 Bow Saw
28:05 Caravan
30:31 Gold Shaft Mining
29:59 Town Patrol
31:47 Pikeman
32:29 Squires
41:01 Imperial Age
40:31 Husbandry
42:39 Scale Barding Armor
42:35 Scale Mail Armor
42:45 Forging
42:26 Fletching
42:36 Padded Archer Armor
43:44 Conscription
44:00 Hoardings
43:25 Chivalry
43:15 Cavalier
49:28 Medium Warships
51:31 Paladin
54:24 Chemistry
53:44 Ballistics
53:35 Fortified Wall
53:21 Murder Holes
53:43 Fortified Wall
53:53 Ballistics
53:41 Siphons
54:06 Heavy Warships
Old School
4:24 Loom
16:06 Feudal Age
19:55 Double-Bit Axe
21:45 Stone Mining
21:47 Gold Mining
21:48 Fishing Lines
26:11 Castle Age
27:22 Medium Warships
27:04 Gillnets
27:29 Bow Saw
29:08 Stone Shaft Mining
39:34 Imperial Age
37:29 Ballistics
37:06 Murder Holes
40:44 Fletching
40:54 Padded Archer Armor
42:45 Elite Genoese Crossbowman
45:29 Bodkin Arrow
45:49 Leather Archer Armor
46:19 Silk Road
50:06 Conscription
50:24 Bracer
50:54 Ring Archer Armor
50:42 Caravan
51:31 Wheelbarrow
50:40 Treadmill Crane
55:59 Two-Man Saw
55:40 Hand Cart
Connection lost

Rejoining the realm…

Still unreachable

The connection could not be restored.

Session expired

The server has moved on; the page needs a fresh start.